 Dungeon Crawl Stone Soup version 0.25-a0-834-g55863b0b92 (webtiles) character file.

Game seed: 4134072504130352574, levelgen mode: deterministic

37 htime the Firebug (level 3, -7/26 HPs)
             Began as a Draconian Fire Elementalist on Apr 22, 2020.
             Killed by nerve-wracking pain
             ... invoked by an orc priest
              (14 damage)
             ... on level 2 of the Dungeon.
             The game lasted 00:06:24 (1125 turns).

htime the Firebug (Draconian Fire Elementalist)     Turns: 1125, Time: 00:06:24

Health: -7/26      AC:  7    Str: 10    XL:     3   Next: 23%
Magic:  2/6        EV: 12    Int: 16    God:
Gold:   52         SH:  0    Dex: 11    Spells: 2/6 levels left

rFire    . . .     SeeInvis .   i - +1 hand axe (vamp)
rCold    . . .     Gourm    .   (no shield)
rNeg     . . .     Faith    .   (armour unavailable)
rPois    .         Spirit   .   (helmet restricted)
rElec    .         Reflect  .   (no cloak)
rCorr    .         Harm     .   (no gloves)
MR       .....                  (no boots)
Stlth    ++........             (no amulet)
HPRegen  0.08/turn              l - +2 ring of protection
MPRegen  0.10/turn              (no ring)

@: no status effects
A: unfitting armour, cold-blooded, AC +5
a: no special abilities


You were on level 2 of the Dungeon.
You were not hungry.

You visited 1 branch of the dungeon, and saw 2 of its levels.

You collected 52 gold pieces.

Inventory:

Hand Weapons
 e - a +0 spear
 i - a +1 vampiric hand axe (weapon)
Jewellery
 l - a +2 ring of protection (left hand)
Scrolls
 a - a scroll of blinking {unknown}
 c - a scroll of fog {unknown}
 f - a scroll of identify {unknown}
 h - a scroll of fear {unknown}
 j - a scroll of remove curse {unknown}
Potions
 d - a potion of stabbing {unknown}
 g - a potion of berserk rage {unknown}
 k - a potion of invisibility {unknown}
 m - 2 potions of heal wounds {unknown}
Comestibles
 b - 2 rations


   Skills:
 - Level 1.9 Dodging
 - Level 2.0 Stealth
 + Level 2.4 Spellcasting
 + Level 1.8 Conjurations
 + Level 3.4 Fire Magic


You had 2 spell levels left.
You knew the following spells:

 Your Spells              Type           Power        Failure   Level  Hunger
a - Foxfire               Conj/Fire      ##..         7%          1    #......
b - Inner Flame           Hex/Fire       #.......     30%         3    ###....

Your spell library contained the following spells:

 Spells                   Type           Power        Failure   Level  Hunger
 Conjure Flame            Conj/Fire      ##......     21%         3    ###....
 Sticky Flame             Conj/Fire      ##......     54%         4    #####..
 Fireball                 Conj/Fire      ##........   88%         5    ######.


Dungeon Overview and Level Annotations

Branches:
Dungeon (2/15)

Altars:
Dithmenos


Innate Abilities, Weirdness & Mutations

Your plain brown scales are hard. (AC +5)
You cannot fit into any form of body armour.
You are cold-blooded and may be slowed by cold attacks.


Message History

The bat hits you but does no damage. The orc barely misses you.
The bat hits you but does no damage. The orc closely misses you.
The bat hits you but does no damage. The bat barely misses you.
The orc hits you from afar with a +0 trident.
The bat hits you but does no damage. The orc hits you with a +0 flail.
The orc closely misses you.
The orc hits you from afar with a +0 trident!
The bat closely misses you. The bat barely misses you.
The bat closely misses you. The bat hits you but does no damage.
The bat hits you but does no damage. The bat hits you but does no damage.
The orc closely misses you. The orc hits you with a +0 trident.
* * * LOW HITPOINT WARNING * * *
The orc priest shouts!
The bat barely misses you.
The orc priest mumbles some strange prayers to Beogh against you.
Pain shoots through your body!
Ouch! That really hurt!
You die...

##. ##...#....... #...
#....#.≈...≈.
...########....#.......
............#..........
.#...................
#........#...#......
#..oo....###.o.#
##.b......##....#
##..##@######.##......
#......†.<.o..# ######
#...>...#######
#.........# #.#######.#
#.. ### ..# #... ###
... ..... +_+ ##.# ...
#+# ..


You could see an orc priest, 2 orcs and a bat.

Vanquished Creatures
  2 oozes (D:1)
  2 dart slugs (D:1)
  2 orcs (D:2)
  A bat (D:1)
  2 giant cockroaches (D:1)
  3 goblins (D:1)
  3 hobgoblins (D:1)
  3 kobolds (D:1)
  4 rats (D:1)
22 creatures vanquished.

Vanquished Creatures (others)
  53 foxfires
53 creatures vanquished.

Grand Total: 75 creatures vanquished

Notes
Turn   | Place    | Note
-------+----------+-------------------------------------------
     0 | D:1      | htime the Draconian Fire Elementalist began the quest for
                  | the Orb.
     0 | D:1      | Reached XP level 1. HP: 14/14 MP: 3/3
   257 | D:1      | Reached XP level 2. HP: 20/20 MP: 1/5
   773 | D:1      | Reached XP level 3. HP: 26/26 MP: 3/6
  1089 | D:2      | Learned a level 3 spell: Inner Flame
  1102 | D:2      | Found a shadowy altar of Dithmenos.
  1125 | D:2      | Killed from afar by an orc priest

Levels and vault maps discovered:
D:1:      heliophobic_arrival_enchanted_forest, layout_basic
D:2:      cheibrodos_pilgrimage, layout_rooms, lemuel_doored_altar,
          evilmike_ruin_ashenzari

Skill      XL: |  1 |
---------------+----+-----
Stealth        | 2 |  2.0
Dodging        | |  1.9
Spellcasting   | |  2.4
Conjurations   | |  1.8
Fire Magic     | |  3.4

Action                   || total
-------------------------++-------
Melee: Unarmed           ||     1
       Hand axe          ||    15
       Tailslap          ||     2
 Cast: Foxfire           ||    42
  Eat: Ration            ||     1
Armor: Skin              ||    17
Dodge: Dodged            ||    58

Table legend:
 A = Non-vault XP
 B = Vault XP
 C = Vault XP percentage of total XP
 D = Non-vault monster count
 E = Vault monster count
 F = Vault count percentage of total count
                 A         B        C        D         E       F
            +---------+---------+-------+---------+---------+-------
      Total |      48 |       6 |  11.1 |      20 |       2 |   9.1
            +---------+---------+-------+---------+---------+-------
        D:1 |      48 |       0 |   0.0 |      20 |       0 |   0.0
        D:2 |       0 |       6 | 100.0 |       0 |       2 | 100.0
            +---------+---------+-------+---------+---------+-------
